 Dungeon Crawl Stone Soup version 0.30.1-11-g7821555f0a (webtiles) character file.

Game seed: 5462813930392357207

105 comborobin the Sneak (level 4, 0/23 HPs)
             Began as a Vine Stalker Delver on Dec 23, 2023.
             Slain by a sleepcap (5 damage)
             ... on level 5 of the Dungeon.
             The game lasted 00:00:42 (385 turns).

comborobin the Sneak (Vine Stalker Delver)           Turns: 385, Time: 00:00:43

Health: 0/23       AC:  3    Str: 14    XL:     4   Next: 81%
Magic:  0/5        EV:  2    Int: 10    God:
Gold:   19         SH:  0    Dex: 18    Spells: 3/3 levels left

rFire   . . .        a - +0 short sword
rCold   . . .        (no shield)
rNeg    . . .        b - +0 leather armour
rPois   .            (no helmet)
rElec   .            (no cloak)
rCorr   .            (no gloves)
SInv    .            (no boots)
Will    .....        (no amulet)
Stlth   +++          (no ring)
HPRegen 1.03/turn    (no ring)
MPRegen 0.09/turn

%: guardian spirit
@: sleeping
A: fangs 2, regeneration 1, magic shield, antimagic bite, no potion heal 2
a: no special abilities


You were on level 5 of the Dungeon.
You visited 1 branch of the dungeon, and saw 2 of its levels.

You collected 19 gold pieces.

Inventory:

Hand Weapons
 a - a +0 short sword (weapon)
Armour
 b - a +0 leather armour (worn)
Wands
 f - a wand of flame (9)
 g - a wand of digging (3)
Scrolls
 c - a scroll of fog
 d - a scroll of magic mapping
 e - a scroll of fear


   Skills:
 - Level 2.6 Fighting
 - Level 3.9 Short Blades
 - Level 1.5 Dodging
 + Level 6.6 Stealth


You had 3 spell levels left.
You didn't know any spells.
Your spell library was empty.

Dungeon Overview and Level Annotations

Branches:
Dungeon (6/15)
 Temple: D:4-7

Altars:
Cheibriados
Nemelex Xobeh


Innate Abilities, Weirdness & Mutations

You have extremely sharp teeth.
Your natural rate of healing is unusually fast.
When hurt, damage is shared between your health and your magic reserves.
Your bite disrupts and absorbs the magic of your enemies.
Potions cannot restore your health.


Message History

The sleepcap releases spores at you!
* * * LOW HITPOINT WARNING * * *
You are too injured to fight recklessly!
You are too injured to fight recklessly!
You are too injured to fight recklessly!
You are too injured to fight recklessly!
You are too injured to fight recklessly!
You are too injured to fight recklessly!
You are too injured to fight recklessly!
You are too injured to fight recklessly!
You are too injured to fight recklessly!
You are too injured to fight recklessly!
You are too injured to fight recklessly!
You are too injured to fight recklessly!
You are too injured to fight recklessly!
You can't see any enemies this would affect, really read the scroll of fear? [Y]es or [N]o only, please.
You can't see any enemies this would affect, really read the scroll of fear?
Okay, then.
You aren't carrying any potions.
Unknown command.
Okay, then.
Aiming: Throw Flame
Press: ? - help, Shift-Dir - straight line, f - sleepcap
Aim: a sleepcap (heavily damaged, 100% to hit)
The puff of flame hits the sleepcap!
The sleepcap is severely damaged.
The sleepcap releases spores at you.
* * * LOW HITPOINT WARNING * * *
Aiming: Throw Flame
Press: ? - help, Shift-Dir - straight line, f/p - sleepcap
Aim: a sleepcap (severely damaged, 100% to hit)
The puff of flame hits the sleepcap.
The sleepcap is severely damaged.
The sleepcap releases spores at you.
* * * LOW HITPOINT WARNING * * *
You are engulfed in a cloud of soporific spores!
You fall asleep.
The sleepcap releases spores at you.
You die...

.....# #.......#.......# .....#
#......##.......# .....#
####...#####....# .....#
##.##...##...# .....#+##
#.#.8.8.#...## ........#
#.#.._..#....# ........#
#.#...8.#....# ........##
+#.#f...##....#
.........#####..@#####....##
.O....l........⌠........##.#
.........#####...#####.....######
........## +#.#'...##...#......
........# #.#...8.#...#>....#
........# #.#.._..#...#.....#
...###### #.#.8.8.#...+.....+
...# #.##...##...#.....# ...# ...
#########.....#


You could see a sleepcap.

Vanquished Creatures
  A howler monkey (D:5)
  A hound (D:5)
  A jelly (D:5)
  An ufetubus (D:6)
  A quokka (D:5)
5 creatures vanquished.

Notes
Turn   | Place    | Note
-------+----------+-------------------------------------------
     0 | D:5      | comborobin the Vine Stalker Delver began the quest for the
                  | Orb.
     0 | D:5      | Reached XP level 1. HP: 11/11 MP: 2/2
    36 | D:5      | Noticed a jelly
    40 | D:5      | Killed a jelly
    41 | D:5      | Reached XP level 2. HP: 16/16 MP: 3/3
    41 | D:5      | Reached XP level 3. HP: 19/19 MP: 4/4
   155 | D:5      | Gained mutation: Your natural rate of healing is unusually
                  | fast. [Vine Stalker growth]
   155 | D:5      | Reached XP level 4. HP: 23/23 MP: 5/5
   178 | D:5      | Noticed an ogre
   371 | D:5      | Found a snail-covered altar of Cheibriados.
   374 | D:5      | Found a sparkling altar of Nemelex Xobeh.
   385 | D:5      | Slain by a sleepcap

Illustrated notes

Levels and vault maps discovered:
D:5:      layout_gridville, grunt_temple_overflow_cloverleaf
D:6:      layout_basic, uniq_grinder

Skill      XL: |  1 |
---------------+----+-----
Short Blades   | 3 |  3.9
Fighting       | |  2.6
Dodging        | |  1.5
Stealth        | |  6.6

Action                     |  1- 3 |  4- 6 || total
---------------------------+-------+-------++-------
  Melee: Short sword       |     2 |    22 ||    24
         Bite              |       |     8 ||     8
         Punch             |       |     1 ||     1
  Evoke: Wand              |       |     2 ||     2
    Use: Potion            |       |     1 ||     1
   Stab: Sleeping          |     2 |     2 ||     4
 Armour: Leather armour    |       |     1 ||     1
  Dodge: Dodged            |       |     9 ||     9
